 Dungeon Crawl Stone Soup version 0.19.1-1-g22dce08 (webtiles) character file.

1170 Kiturien the Chopper (level 8, 0/73 HPs)
             Began as a Deep Dwarf Fighter on Jan 20, 2017.
             Was a Follower of Makhleb.
             Succumbed to a gnoll sergeant's poison
             ... on level 6 of the Dungeon.
             The game lasted 00:19:16 (3969 turns).

Kiturien the Chopper (Deep Dwarf Fighter)           Turns: 3969, Time: 00:19:16

Health: 0/73       AC: 15    Str: 21    XL:     8   Next: 17%
Magic:  10/10      EV:  6    Int:  8    God:    Makhleb [*.....]
Gold:   392        SH: 10    Dex: 12    Spells: 0 memorised, 7 levels left

rFire  . . .     SeeInvis +     a - +0 war axe
rCold  . . .     Gourm    .     i - +0 plate armour
rNeg   . . .     Faith    .     c - +0 shield
rPois  .         Spirit   .     (no helmet)
rElec  .         Reflect  .     (no cloak)
rCorr  .         Harm     .     E - +0 pair of gloves
MR     ++...                    j - +1 pair of boots
Stlth  ..........               (no amulet)
                                o - +2 ring of evasion
                                s - ring of protection from magic

@: lethally poisoned (0 -> -31), non-regenerating
A: damage resistance, recharge devices, talons 1, see invisible, dopey 1, sense
surroundings 1, slow regeneration 3
a: Device Recharging, Renounce Religion


You were on level 6 of the Dungeon.
You worshipped Makhleb.
Makhleb was aware of your devotion.
You were not hungry.

You visited 2 branches of the dungeon, and saw 7 of its levels.

You collected 392 gold pieces.

Inventory:

Hand Weapons
 a - a +0 war axe (weapon)
Missiles
 q - 7 steel javelins (quivered)
Armour
 b - a +0 scale mail
 c - a +0 shield (worn)
 i - a +0 plate armour (worn)
 j - a +1 pair of boots (worn)
 l - a +0 shield
 u - a +0 plate armour
 E - a +0 pair of gloves (worn)
Jewellery
 h - an uncursed ring of ice
 o - a +2 ring of evasion (right hand)
 s - a ring of protection from magic (left hand)
 D - an uncursed ring of ice
Wands
 e - a wand of heal wounds (4/9)
Scrolls
 p - a scroll of teleportation {unknown}
 r - 3 scrolls of remove curse {unknown}
 t - a scroll of amnesia
 v - a scroll of fear
 x - a scroll of recharging {unknown}
 y - a scroll of blinking {unknown}
Potions
 d - 3 potions of might
 k - a potion of heal wounds
 n - 2 potions of haste
 w - a potion of berserk rage
 A - 2 potions of magic
Comestibles
 f - 3 bread rations
 m - 3 meat rations
 z - a royal jelly


   Skills:
 * Level 4.4 Fighting
 + Level 7.0 Axes
 - Level 0.1 Throwing
 + Level 4.7 Armour
 + Level 0.4 Dodging
 + Level 0.6 Stealth
 + Level 5.3 Shields
 * Level 5.0 Evocations


You had 7 spell levels left.
You didn't know any spells.

Dungeon Overview and Level Annotations

Branches:
Dungeon (6/15)             Temple (1/1) D:5

Altars:
Ashenzari
Cheibriados
Dithmenos
Elyvilon
Fedhas
Gozag
Hepliaklqana
Kikubaaqudgha
Makhleb
Nemelex Xobeh
Okawaru
Qazlal
Ru
Sif Muna
Trog
Uskayaw
Vehumet
Xom
Yredelemnul
Zin
The Shining One


Innate Abilities, Weirdness & Mutations

You are resistant to damage.
You can recharge devices by infusing magical energy.
You passively map a small area around you.
You do not regenerate.
You have sharp toenails.
You have supernaturally acute eyesight. (SInv)
You are dopey. (Int -2)


Message History

You block the gnoll's attack.
You hit the gnoll sergeant but do no damage.
The gnoll sergeant is moderately wounded.
* * * LOW HITPOINT WARNING * * *
You feel very sick.
The gnoll sergeant hits you with a spear of venom.
* * * LOW HITPOINT WARNING * * *
You are more poisoned.
The gnoll barely misses you.
* * * LOW HITPOINT WARNING * * *
You feel very sick.
The gnoll sergeant hits you from afar with a spear of venom.
You are more poisoned.
You see here a spear.
* * * LOW HITPOINT WARNING * * *
You feel very sick.
* * * LOW HITPOINT WARNING * * *
You feel very sick. You block the gnoll sergeant's attack.
You die...

#.# .. #.# * #.
#.# #. #.# #.
#.# #g #.# #.
#.#
#.###########.#
#.gg..@.(.....#
#.#############
#. ##


You could see a gnoll sergeant and a gnoll.

Vanquished Creatures
  Sigmund (D:5)
  A phantom (D:5)
  The ghost of Lahna the Skirmisher, an amateur MiBe of Trog (D:3)
  An ogre (D:5)
  A bullfrog (D:6)
  A bullfrog zombie (D:5)
  4 crimson imps
  A jelly (D:6)
  A centaur zombie (D:6)
  An orc priest (D:5)
  3 iguanas
  4 orc wizards
  2 worker ants (D:6)
  A gnoll (D:6)
  3 adders
  A shadow imp (D:5)
  3 oozes
  An adder zombie (D:5)
  3 worms
  2 leopard geckos
  19 orcs
  5 giant cockroaches
  4 goblins
  3 hobgoblins
  4 jackals
  8 kobolds
  4 quokkas
  3 ball pythons
  6 bats
  6 frilled lizards
  A jackal skeleton (D:4)
  11 rats
  2 fungi (D:4)
112 creatures vanquished.

Vanquished Creatures (others)
  An orc wizard (D:3)
1 creature vanquished.

Grand Total: 113 creatures vanquished

Notes
Turn   | Place    | Note
-------+----------+-------------------------------------------
     0 | D:1      | Kiturien the Deep Dwarf Fighter began the quest for the Orb.
     0 | D:1      | Reached XP level 1. HP: 20/20 MP: 1/1
   164 | D:1      | Reached XP level 2. HP: 26/28 MP: 2/2
   624 | D:2      | Reached XP level 3. HP: 25/34 MP: 3/3
   690 | D:2      | Reached skill level 3 in Axes
   838 | D:2      | Found a bloodstained altar of Trog.
  1356 | D:3      | Reached XP level 4. HP: 29/42 MP: 4/4
  1555 | D:3      | Reached skill level 1 in Evocations
  1573 | D:3      | Noticed Lahna's ghost (amateur MiBe)
  1609 | D:3      | Killed Lahna's ghost
  1609 | D:3      | Reached skill level 4 in Axes
  1609 | D:3      | Reached XP level 5. HP: 14/49 MP: 6/6
  2184 | D:4      | Reached XP level 6. HP: 35/56 MP: 8/8
  2450 | D:5      | Entered Level 5 of the Dungeon
  2497 | D:5      | Found a staircase to the Ecumenical Temple.
  2506 | Temple   | Entered the Ecumenical Temple
  2517 | Temple   | Became a worshipper of Makhleb the Destroyer
  2833 | D:5      | Reached skill level 5 in Axes
  3066 | D:5      | Reached XP level 7. HP: 16/63 MP: 9/9
  3068 | D:5      | Noticed Sigmund
  3100 | D:5      | Killed Sigmund
  3212 | D:5      | Reached skill level 6 in Axes
  3597 | D:5      | Reached skill level 5 in Shields
  3757 | D:6      | Gained mutation: You are dopey. (Int -2) [potion of mutation]
  3757 | D:6      | Gained mutation: You have supernaturally acute eyesight. (SInv) [potion of mutation]
  3757 | D:6      | Gained mutation: You have sharp toenails. [potion of mutation]
  3794 | D:6      | Reached XP level 8. HP: 35/72 MP: 10/10
  3905 | D:6      | Reached * piety under Makhleb
  3910 | D:6      | Reached skill level 5 in Evocations
  3951 | D:6      | Reached skill level 7 in Axes
  3969 | D:6      | Succumbed to a gnoll sergeant's poison

Skill      XL: |  1  2  3  4  5  6  7  8 |
---------------+-------------------------+-----
Fighting       | 3 4 |  4.4
Axes           | 3 4 5 6 7 |  7.0
Evocations     | 2 3 4 5 |  5.0
Shields        | 4 5 |  5.3
Armour         | 4 |  4.7
Throwing       | |  0.1
Dodging        | |  0.4
Stealth        | |  0.6

Action                   |  1- 3 |  4- 6 |  7- 9 || total
-------------------------+-------+-------+-------++-------
Melee: War axe           |   142 |   210 |   140 ||   492
Throw: Javelin           |     3 |       |       ||     3
 Abil: Device Recharging |       |       |     1 ||     1
Evoke: Wand              |       |     2 |     4 ||     6
  Use: Scroll            |       |     8 |     3 ||    11
       Potion            |       |       |     2 ||     2
  Eat: Bread ration      |     1 |     1 |     1 ||     3
Armor: Plate armour      |    92 |   100 |    64 ||   256
       Scale mail        |     1 |       |       ||     1
Dodge: Dodged            |    30 |    28 |    31 ||    89
Block: Shield            |    80 |    85 |    82 ||   247
